 Dungeon Crawl Stone Soup version 0.26-a0-663-g36e8fdb655 (webtiles) character file.

Game seed: 10143201700518898927

12985 reriks the Blocker (level 11, 84/104 HPs)
             Began as a Deep Dwarf Fighter on Oct 12, 2020.
             Was a Priest of the Shining One.
             Quit the game on level 11 of the Dungeon.
             The game lasted 00:20:54 (8698 turns).

reriks the Blocker (Deep Dwarf Fighter)             Turns: 8698, Time: 00:20:55

Health: 84/104     AC: 21    Str: 24    XL:     11   Next: 69%
Magic:  12/12 (3)  EV:  7    Int:  8    God:    the Shining One [***...]
Gold:   1013       SH: 20    Dex: 15    Spells: 10/10 levels left

rFire    . . .     SeeInvis +   F - +2 war axe
rCold    . . .     Faith    +   H - +2 tower shield
rNeg     + . .     Spirit   .   U - +0 plate armour
rPois    .         Reflect  .   S - +2 helmet
rElec    .         Harm     .   G - scarf {repulsion}
rCorr    .         Rampage  .   N - +2 pair of gloves {Dex+3}
MR       +....                  (no boots)
Stlth    ..........             A - amulet of faith
HPRegen  0.00/turn              g - ring of see invisible
MPRegen  0.13/turn              K - ring of magical power

@: non-regenerating, glowing, repel missiles
A: damage resistance, heal wounds, sense surroundings 2, no regeneration
a: Heal Wounds, Divine Shield, Renounce Religion


You were on level 11 of the Dungeon.
You worshipped the Shining One.
The Shining One was most pleased with you.
You visited 2 branches of the dungeon, and saw 12 of its levels.
You also visited: Ice Cave.

You collected 1174 gold pieces.
You spent 161 gold pieces at shops.

Inventory:

Hand Weapons
 a - a +0 war axe
 k - a +3 hand axe
 t - a +0 hand axe of venom
 u - a +4 vorpal flail
 F - a +2 war axe (weapon)
Armour
 b - a +0 scale mail
 c - a +0 kite shield
 i - a +2 helmet
 y - a +0 cloak
 C - a +0 pair of gloves
 G - a scarf of repulsion (worn)
 H - a +2 tower shield (worn)
 N - a +2 pair of gloves of dexterity (worn)
 S - a +2 helmet (worn)
 U - a +0 plate armour (worn)
Jewellery
 g - a ring of see invisible (left hand)
 s - an uncursed ring of ice {unknown}
 A - an amulet of faith (around neck)
 B - an uncursed ring of flight
 E - an uncursed ring of stealth
 K - a ring of magical power (right hand)
Wands
 h - a wand of random effects (19)
 n - a wand of disintegration (4)
 w - a wand of iceblast (7)
 Q - a wand of paralysis (3)
Scrolls
 f - 7 scrolls of teleportation
 l - 3 scrolls of remove curse
 o - 2 scrolls of fog
 q - 4 scrolls of blinking
 r - a scroll of immolation
 J - 3 scrolls of identify
 L - a scroll of random uselessness
 M - a scroll of vulnerability {unknown}
Potions
 e - 3 potions of brilliance
 j - 2 potions of lignification
 m - 3 potions of invisibility
 p - 2 potions of berserk rage
 v - a potion of mutation
 x - 2 potions of stabbing
 z - 4 potions of curing
 D - a potion of flight {unknown}
 I - a potion of degeneration {unknown}
 O - 2 potions of haste {unknown}
 T - a potion of ambrosia {unknown}


   Skills:
 + Level 8.4 Fighting
 + Level 9.7 Axes
 + Level 10.0 Armour
 + Level 4.7 Dodging
 * Level 10.4 Shields
 + Level 5.3 Invocations
 + Level 5.3 Evocations


You had 10 spell levels left.
You didn't know any spells.
Your spell library contained the following spells:

 Spells                   Type           Power        Failure   Level
 Corona                   Hex            #......      100%        1
 Freeze                   Ice            #...         100%        1
 Ensorcelled Hibernation  Hex/Ice        #.....       100%        2
 Confusing Touch          Hex            #.......     100%        3
 Dazzling Flash           Conj/Hex       #.....       100%        3
 Frozen Ramparts          Ice            #.....       100%        3
 Gell's Gravitas          Tloc           #.........   100%        3
 Ozocubu's Armour         Ice            #.......     100%        3
 Tukima's Dance           Hex            #.......     100%        3
 Hailstorm                Conj/Ice       #.......     100%        4
 Petrify                  Tmut/Erth      #.......     100%        4
 Summon Ice Beast         Ice/Summ       #.......     100%        4
 Metabolic Englaciation   Hex/Ice        #.........   100%        5
 Yara's Violent Unravell  Hex/Tmut       #.........   100%        5


Dungeon Overview and Level Annotations

Branches:
Dungeon (11/15)            Temple (1/1) D:7            Lair (0/6) D:9
  IceCv (visited)
    Orc: D:9-12

Altars:
Ashenzari
Cheibriados
Dithmenos
Elyvilon
Fedhas
Gozag
Hepliaklqana
Kikubaaqudgha
Makhleb
Nemelex Xobeh
Okawaru
Qazlal
Ru
Sif Muna
Trog
Uskayaw
Vehumet
Wu Jian
Xom
Yredelemnul
Zin
The Shining One

Shops:
D:5 *   D:6 =   D:8 [

Annotations:
D:9 1 runed translucent door, krigyl's ghost, novice GnAK


Innate Abilities, Weirdness & Mutations

You are resistant to damage.
You can heal yourself by infusing magical energy.
You passively map the area around you.
You do not regenerate.


Message History

No target in view!
No target in view!
Magic restored.
Things that are here:
a +0 dagger; a +0 robe; a spriggan corpse
Things that are here:
a +0 rapier; a +0 robe; a spriggan corpse
Things that are here:
a +0 rapier; a +0 robe; a spriggan corpse
Found a great sword.
A hydra and a spriggan come into view.
The spriggan shouts!
The four-headed hydra roars!
You hear a shout!
A spriggan comes into view. It is wielding a +0 dagger.
The spriggan moves out of view.
There are monsters nearby!
There are monsters nearby!
There are monsters nearby!
You block the spriggan's attack.
You see here a great sword.
Are you sure you want to abandon this character and quit the game? (Confirm with "yes".)

.#...# ♣♣.♣
, #...
##,,, ♣♣.♣
#... , ♣..♣
* #... , ,
, ♣.♣♣ ,
#... ,* ♣.♣
♣♣♣ #... ,
♣)♣♣♣♣.♣♣♣
#... ,*
♣.).♣....♣
* ##... *
♣.)...♣..♣♣
** #.... ,*
♣♣...♣♣♣@.♣
* #.... ,,
♣♣♣.♣ ♣D.♣
#.... , ,
♣.♣ ♣♣i♣♣
#.... ♣♣♣
♣.i♣ ,
#.... , , *
♣..♣♣ ,
#.... , *
♣♣..♣ ##...
, , * ♣..♣♣
* #... ,, *
♣♣..♣ ♣
#... , , *
♣♣.♣♣♣.♣
#...


You could see a four-headed hydra and 2 spriggans.

Vanquished Creatures
  A two-headed ogre (D:10)
  A skeletal warrior (D:11)
  A deep troll (D:8)
  2 ugly things (IceCv)
  A cyclops (D:11)
  A manticore (D:11)
  2 ice statues (IceCv)
  2 trolls
  Sigmund (D:6)
  3 spriggans (D:11)
  A shadow (D:11)
  9 yaks
  A wyvern (D:9)
  Menkaure (D:5)
  An acid dragon (D:9)
  A water moccasin (D:9)
  2 sky beasts
  4 orc warriors
  11 ice beasts
  2 necrophages
  3 phantoms
  9 ogres
  A lemure (D:4)
  6 centaurs
  Blork the orc (D:4)
  6 bullfrogs
  2 water moccasin zombies (D:7)
  3 scorpions
  12 wights
  2 howler monkeys
  2 bullfrog zombies
  A quasit (D:5)
  2 centaur zombies
  6 hounds
  6 orc priests
  3 centaur skeletons
  A jelly (D:8)
  Crazy Yiuf (D:3)
  14 orc wizards
  A bullfrog skeleton (D:7)
  2 iguanas
  9 worker ants
  2 hound zombies
  A hound skeleton (D:3)
  A worker ant zombie (D:7)
  A howler monkey zombie (D:6)
  5 gnolls
  A howler monkey skeleton (D:9)
  8 adders
  A shadow imp (D:6)
  A white imp (D:8)
  2 ufetubi
  2 oozes
  An adder zombie (D:6)
  2 worms
  3 dart slugs
  5 leopard geckos
  34 orcs
  3 ball pythons
  5 giant cockroaches
  9 goblins
  5 hobgoblins
  6 jackals
  4 quokkas
  6 bats
  7 frilled lizards
  9 kobolds
  A quokka skeleton (D:5)
  A quokka zombie (D:7)
  3 rats
270 creatures vanquished.

Vanquished Creatures (others)
  An orc priest (D:8)
  An orc (D:4)
  A plant (D:3)
  6 withered plants (D:2)
9 creatures vanquished.

Grand Total: 279 creatures vanquished

Notes
Turn   | Place    | Note
-------+----------+-------------------------------------------
     0 | D:1      | reriks the Deep Dwarf Fighter began the quest for the Orb.
     0 | D:1      | Reached XP level 1. HP: 20/20 MP: 1/1
   144 | D:1      | Reached XP level 2. HP: 25/27 MP: 2/2
   747 | D:2      | Reached XP level 3. HP: 32/34 MP: 3/3
  1038 | D:2      | Found an ancient bone altar of Kikubaaqudgha.
  1258 | D:3      | Reached XP level 4. HP: 39/42 MP: 4/4
  1740 | D:3      | Reached XP level 5. HP: 47/49 MP: 4/4
  1930 | D:3      | Reached XP level 6. HP: 45/57 MP: 5/5
  2238 | D:3      | Found a faded altar of an unknown god.
  2406 | D:3      | Found a runed translucent door.
  2407 | D:3      | Noticed Crazy Yiuf
  2417 | D:3      | Killed Crazy Yiuf
  2470 | D:4      | Noticed Blork the orc
  2673 | D:4      | Reached skill level 5 in Shields
  2766 | D:4      | Reached skill level 5 in Armour
  2831 | D:4      | Reached XP level 7. HP: 60/66 MP: 5/5
  2837 | D:4      | Killed Blork the orc
  2964 | D:4      | Noticed Grinder
  2971 | D:4      | Noticed Grinder
  2971 | D:4      | Grinder changed into Grinder the lemure
  2984 | D:4      | Killed Grinder the lemure
  2984 | D:4      | Reached skill level 5 in Axes
  3084 | D:5      | Entered Level 5 of the Dungeon
  3320 | D:5      | Found Zin's Purification Station.
  3323 | D:5      | Found a glowing silver altar of Zin.
  3416 | D:5      | Reached skill level 5 in Fighting
  3416 | D:5      | Reached XP level 8. HP: 66/74 MP: 6/6
  3491 | D:5      | Noticed Menkaure
  3507 | D:5      | Killed Menkaure
  4227 | D:6      | Gained mutation: You passively map the area around you.
                  | [Deep Dwarf growth]
  4227 | D:6      | Reached XP level 9. HP: 68/82 MP: 6/6
  4663 | D:6      | Noticed Sigmund
  4677 | D:6      | Killed Sigmund
  4689 | D:6      | Found Vium's Jewellery Shop.
  4950 | D:7      | Found a staircase to the Ecumenical Temple.
  4961 | Temple   | Entered the Ecumenical Temple
  5067 | Temple   | Became a worshipper of the Shining One
  5295 | D:7      | Reached * piety under the Shining One
  5545 | D:7      | Reached XP level 10. HP: 44/94 MP: 5/5
  5627 | D:8      | Found Golliss Hyfi's Armour Shop.
  5635 | D:8      | Bought a +0 pair of gloves of dexterity for 161 gold pieces
  5855 | D:8      | Reached skill level 1 in Dodging
  5917 | D:8      | Reached ** piety under the Shining One
  5982 | D:8      | Found an opulent altar of Gozag.
  6391 | D:8      | Noticed a two-headed ogre
  6393 | D:8      | Noticed a deep troll
  6393 | D:8      | a two-headed ogre changed into a deep troll
  6399 | D:8      | Killed a deep troll
  6399 | D:8      | Reached skill level 1 in Invocations
  6399 | D:8      | Reached skill level 1 in Evocations
  6541 | D:9      | Found a sparkling altar of Nemelex Xobeh.
  6544 | D:9      | Found a shadowy altar of Dithmenos.
  6577 | D:9      | Found a runed translucent door.
  6577 | D:9      | Noticed krigyl's ghost (novice GnAK)
  6700 | D:9      | Found a staircase to the Lair.
  7276 | D:10     | Entered Level 10 of the Dungeon
  7338 | D:10     | Noticed a two-headed ogre
  7345 | D:10     | Killed a two-headed ogre
  7751 | D:10     | Reached XP level 11. HP: 90/103 MP: 5/5
  7777 | D:10     | Reached *** piety under the Shining One
  8249 | D:11     | Identified a scroll of acquirement
  8249 | D:11     | Acquired 515 gold pieces
  8256 | D:11     | Noticed a skeletal warrior
  8285 | D:11     | Noticed a skeletal warrior
  8288 | D:11     | Killed a skeletal warrior
  8288 | D:11     | Noticed a skeletal warrior
  8289 | D:11     | Noticed a skeletal warrior
  8374 | D:11     | Found an iron altar of Okawaru.
  8509 | D:11     | Found a frozen archway.
  8514 | IceCv    | Entered an ice cave
  8514 | IceCv    | Noticed a white ugly thing
  8519 | IceCv    | Reached skill level 10 in Shields
  8524 | IceCv    | Killed a white ugly thing
  8526 | IceCv    | Found a transporter.
  8543 | IceCv    | Noticed a white ugly thing
  8544 | IceCv    | Found a transporter.
  8558 | IceCv    | Killed a white ugly thing
  8562 | IceCv    | Reached skill level 5 in Invocations
  8562 | IceCv    | Reached skill level 5 in Evocations
  8655 | D:11     | Reached skill level 10 in Armour
  8686 | D:11     | Noticed a four-headed hydra
  8698 | D:11     | Quit the game

Illustrated notes

Levels and vault maps discovered:
D:1:      minmay_arrival_stone_box, layout_basic, minmay_tromino_i2
D:2:      layout_loops_cross, kiku_gazebo_garden_becter
D:3:      layout_basic, chequers_ecumenical_altar_lobes, uniq_crazy_yiuf_cottage
D:4:      wander_river, layout_gridville, uniq_grinder, uniq_blork_the_orc
D:5:      layout_basic, zin_purify, minmay_misc_feat_doors, patterned_corridor,
          uniq_menkaure
D:6:      hangedman_cross_stitches, layout_loops_ring, serial_shops,
          shop_statue, uniq_sigmund
D:7:      layout_rooms, minmay_temple_entry_junction
D:8:      layout_loops_ring, serial_shops, shop, serial_rivers,
          chequers_serial_rivers_room_b, chequers_serial_rivers_room_b,
          chequers_serial_rivers_small_b, chequers_serial_rivers_micro_a,
          dk_noncrumbling_3, nicolae_gozag_seed_capital
D:9:      layout_irregular_city, grunt_temple_overflow_open, dpeg_oklobed_lair,
          ebering_ghost_inner_flame, minmay_fractal_squares_gapless_5
D:10:     layout_grid_maze
D:11:     kb_forest_paths, layout_irregular_city, orc_0_dummy,
          portal_ice_cave_entry_pillars_1, basic_altar
Temple:   regret_index_temple_mists

Skill      XL: |  1  2  3  4  5  6  7  8  9 10 11 |
---------------+----------------------------------+-----
Fighting       | 3 4 5 6 7 8 |  8.4
Axes           | 3 4 5 6 8 9 |  9.7
Armour         | 4 5 6 7 8 9 10 | 10.0
Shields        | 4 5 6 7 8 9 10 | 10.4
Dodging        | 3 4 |  4.7
Invocations    | 3 5 |  5.3
Evocations     | 3 5 |  5.3

Action                   |  1- 3 |  4- 6 |  7- 9 | 10-12 || total
-------------------------+-------+-------+-------+-------++-------
Melee: War axe           |   101 |    60 |   126 |   359 ||   646
       Hand axe          |       |    19 |    41 |       ||    60
       Flail             |       |    69 |   229 |       ||   298
Invok: Divine Shield     |       |       |       |     1 ||     1
 Abil: Heal Wounds       |       |     4 |    12 |    23 ||    39
Evoke: Wand              |       |     8 |    13 |    10 ||    31
  Use: Scroll            |       |     4 |     7 |    15 ||    26
       Potion            |       |       |       |     3 ||     3
 Stab: Paralysed         |       |     6 |     5 |       ||    11
Armor: Scale mail        |    60 |    74 |   162 |    55 ||   351
       Plate armour      |       |       |       |    96 ||    96
Dodge: Dodged            |    31 |    49 |    96 |   100 ||   276
       Repelled          |       |       |     1 |     2 ||     3
Block: Kite shield       |    47 |    69 |   215 |   151 ||   482
       Tower shield      |       |       |       |   146 ||   146

Table legend: (Time is in decaauts)
 A = Elapsed time spent in this place.
 B = Non-inter-level travel time spent in this place.
 C = Inter-level travel time spent in this place.
 D = Time resting spent in this place.
 E = Time spent auto-exploring this place.
 F = Levels seen in this place.
 G = Mean time per level.
                   A        B        C        D        E       F      G
               +--------+--------+--------+--------+--------+-----+--------+
         Total |   8983 |   8452 |    531 |    604 |   5441 |  13 |  691.0 |
       Dungeon |   8701 |   8196 |    505 |    604 |   5320 |  11 |  791.0 |
        Temple |    184 |    158 |     26 |      0 |    121 |   1 |  184.0 |
      Ice Cave |     97 |     97 |      0 |      0 |      0 |   1 |   97.0 |
               +--------+--------+--------+--------+--------+-----+--------+

Top non-repeatable levels by time:
     D:3: 1377 daAuts
    D:10: 1024 daAuts
     D:6: 971 daAuts
     D:5: 917 daAuts
     D:9: 861 daAuts
     D:8: 841 daAuts
     D:1: 758 daAuts
     D:7: 558 daAuts
     D:4: 534 daAuts
     D:2: 531 daAuts
    D:11: 323 daAuts
  Temple: 184 daAuts
   IceCv: 97 daAuts
